 Dungeon Crawl Stone Soup version 0.29-a0-1027-gcd8c55af63 (webtiles) character file.

Game seed: 12342913606288126111

7515 27heaven the Carver (level 11, -8/72 HPs)
             Began as an Octopode Monk on Aug 13, 2022.
             Was an Initiate of Gozag.
             Mangled by a yak (12 damage)
             ... on level 10 of the Dungeon.
             The game lasted 00:20:37 (13409 turns).

27heaven the Carver (Octopode Monk)                Turns: 13409, Time: 00:20:38

Health: -8/72      AC:  3    Str: 10    XL:     11   Next: 16%
Magic:  11/11      EV: 14    Int: 14    God:    Gozag
Gold:   289        SH:  0    Dex: 18    Spells: 10/10 levels left

rFire   . . .      SeeInvis .   B - +2 demon blade (flame)
rCold   . . .      Faith    .   (no shield)
rNeg    . . .      Spirit   .   (helmet restricted)
rPois   .          Reflect  .   (no amulet)
rElec   .          Harm     .   (no ring)
rCorr   .          Rampage  .   (no ring)
Will    .....                   (no ring)
Stlth   +++++.....              (no ring)
HPRegen 0.22/turn               (no ring)
MPRegen 0.12/turn               (no ring)
                                (no ring)
                                (no ring)

@: gold aura
A: almost no armour, amphibious, 8 rings, camouflage 1, gelatinous body 1,
(nimble swimmer 1), tentacles, tentacle spike 1, iridescent scales 1
a: Renounce Religion, Potion Petition, Call Merchant, Bribe Branch


You were on level 10 of the Dungeon.
You worshipped Gozag.
Gozag was aware of your devotion.
You visited 1 branch of the dungeon, and saw 10 of its levels.

You collected 2667 gold pieces.
You spent 1072 gold pieces at shops.
You paid 1306 gold pieces to Gozag.

Inventory:

Hand Weapons
 p - a +1 falchion of holy wrath
 B - a +2 demon blade of flaming (weapon)
Jewellery
 a - a ring of magical power
 i - a ring of protection from fire
Wands
 k - a wand of roots (11)
 q - a wand of acid (31)
 x - a wand of flame (26)
 C - a wand of polymorph (3)
Scrolls
 d - 2 scrolls of teleportation
 e - a scroll of poison {unknown}
 f - a scroll of silence
 g - a scroll of enchant weapon
 h - 3 scrolls of torment
 n - 2 scrolls of noise {unknown}
 t - a scroll of brand weapon {unknown}
 y - a scroll of summoning {unknown}
 z - 4 scrolls of blinking
 A - a scroll of magic mapping
 D - a scroll of butterflies {unknown}
Potions
 b - a potion of ambrosia
 j - 2 potions of cancellation
 l - 2 potions of heal wounds
 m - 2 potions of brilliance
 o - 3 potions of attraction
 r - a potion of haste {unknown}
 s - 5 potions of flight
 u - 2 potions of might
 v - a potion of lignification
 w - a potion of invisibility


   Skills:
 + Level 5.7 Fighting
 + Level 14.7 Long Blades
 - Level 3.0 Dodging
 + Level 7.5 Stealth
 + Level 5.2 Evocations


You had 10 spell levels left.
You didn't know any spells.
Your spell library contained the following spells:

 Spells                   Type           Power      Damage    Failure   Level
 Foxfire                  Conj/Fire      0%         2x1d4     28%         1
 Sandblast                Erth           0%         2d4       28%         1
 Sting                    Tmut/Pois      0%         1d3       28%         1
 Passwall                 Tmut/Erth      0%         N/A       41%         2
 Poisonous Vapours        Pois/Air       0%         N/A       41%         2
 Static Discharge         Conj/Air       0%         3-3/arc   41%         2
 Conjure Flame            Conj/Fire      0%         6-21      65%         3
 Ignite Poison            Fire/Tmut/Pois 0%         N/A       65%         3
 Inner Flame              Hex/Fire       0%         N/A       65%         3
 Mephitic Cloud           Conj/Pois/Air  0%         N/A       65%         3
 Stone Arrow              Conj/Erth      0%         3d7       65%         3
 Cause Fear               Hex            0%         N/A       96%         4
 Flame Wave               Conj/Fire      0%         2d4       96%         4
 Olgreb's Toxic Radiance  Pois           0%         N/A       96%         4
 Passage of Golubria      Tloc           0%         N/A       96%         4
 Freezing Cloud           Conj/Ice/Air   0%         6-21      100%        5
 Lightning Bolt           Conj/Air       0%         1d11      100%        5
 Silence                  Hex/Air        0%         N/A       100%        5
 Dragon Form              Tmut           0%         N/A       100%        7
 Lehudib's Crystal Spear  Conj/Erth      0%         10d2      100%        8
 Maxwell's Capacitive Co  Air            0%         ∞         100%        8
 Dragon's Call            Summ           0%         N/A       100%        9


Dungeon Overview and Level Annotations

Branches:
Dungeon (10/15)            Temple (0/1) D:5
   Lair: D:8-11         Orc: D:9-12

Altars:
Cheibriados
Elyvilon
Gozag
Hepliaklqana
Nemelex Xobeh
Ru
Zin

Shops:
D:5 ![((!   D:6 (   D:8 =?


Innate Abilities, Weirdness & Mutations

You cannot wear most types of armour.
You are amphibious.
You can wear up to eight rings at the same time.
Your skin changes colour to match your surroundings (Stealth+).
Your rubbery body absorbs attacks. (AC +1, EV +1)
((You are camouflaged when in or above water. (Stealth+)))
You have tentacles for arms and can constrict up to eight enemies at once.
One of your tentacles bears a spike.
You are partially covered in iridescent scales. (AC +2)


Message History

You see here 22 gold pieces.
You slice the yak!! You burn the yak. Your squeeze misses the yak.
The yak is heavily wounded.
The yak gores you!
A boulder beetle comes into view.
You slice the yak!! You burn the yak.
You kill the yak!
The yak gores you!
The yak is distracted by your dazzling golden aura.
The yak bellows!
You see here 17 gold pieces.
You slash the yak! You burn the yak. You squeeze the yak.
The yak is severely wounded.
The yak misses you.
The boulder beetle curls into a ball and begins rolling!
You slash the yak! You burn the yak.
You kill the yak!
You see here 17 gold pieces.
You hit the boulder beetle but do no damage.
You pierce the boulder beetle, but do no damage.
You squeeze the boulder beetle.
The boulder beetle is lightly wounded.
The boulder beetle hits you!!!
Ouch! That really hurt!
* * * LOW HITPOINT WARNING * * *
The boulder beetle stops rolling and uncurls.
The yak is no longer distracted by gold.
The yak is distracted by your dazzling golden aura.
The boulder beetle curls into a ball and begins rolling!
You see here 17 gold pieces.
Okay, then.
Aiming: Polymorph
Press: ? - help, Shift-Dir - straight line, f - boulder beetle
Aim: a boulder beetle (rolling, will become a glowing shapeshifter, an alligator, or a satyr, chance to affect: 45%)
The boulder beetle evaporates and reforms as a glowing shapeshifter!
The yak bellows!
The yak is no longer distracted by gold.
The yak gores you!
You die...
Your body crumbles into a pile of gold.

##### ##########
##...#########........#
######..............########
.<.........###########....
..(............$@$p.......
##.#.......#.####Y........
##.#.##....#.#.........###
.#.#.##....#.#.##.........
.#.#.#####.#.# #.........
...#.#####.#.# #.........
.###.#.....#.# #.........
.#.........#.# #.........
.#.#.#.###.# #.Y.......


You could see a glowing shapeshifter and a yak.

Vanquished Creatures
  A two-headed ogre (D:9)
  Pikel (D:8)
  2 trolls (D:10)
  Prince Ribbit (D:6)
  A hornet (D:9)
  Sigmund (D:2)
  2 shadows
  A wraith (D:9)
  7 yaks (D:10)
  3 steam dragons
  2 acid dragons
  A water moccasin (D:7)
  2 orc warriors
  2 sky beasts
  3 ice beasts
  A black bear (D:7)
  2 centaurs
  2 ogres
  3 kobold brigands
  2 scorpions (D:6)
  4 bullfrogs
  A necrophage (D:4)
  A gnoll sergeant (D:6)
  17 killer bees
  A howler monkey (D:9)
  2 hounds (D:6)
  3 orc priests
  Crazy Yiuf (D:5)
  A gnoll bouda (D:6)
  Jessica (D:3)
  4 iguanas
  6 orc wizards
  Robin (D:4)
  5 adders
  8 gnolls (D:6)
  An ufetubus (D:6)
  A worm (D:2)
  4 dart slugs
  30 orcs
  11 bats
  7 endoplasms
  4 giant cockroaches
  14 goblins
  7 hobgoblins
  8 jackals (D:1)
  2 quokkas
  8 ball pythons
  4 frilled lizards
  14 kobolds
  5 rats
216 creatures vanquished.

Vanquished Creatures (others)
  A bullfrog (D:9)
  9 plants
10 creatures vanquished.

Grand Total: 226 creatures vanquished

Notes
Turn   | Place    | Note
-------+----------+-------------------------------------------
     0 | D:1      | 27heaven the Octopode Monk began the quest for the Orb.
     0 | D:1      | Reached XP level 1. HP: 16/16 MP: 1/1
    51 | D:1      | Reached XP level 2. HP: 16/21 MP: 2/2
   308 | D:1      | Reached skill level 4 in Long Blades
   315 | D:1      | Reached XP level 3. HP: 15/26 MP: 3/3
  1234 | D:1      | Found a faded altar of an unknown god.
  1360 | D:1      | Prayed at the altar of an unknown god.
  1360 | D:1      | Became a worshipper of Gozag Ym Sagoz the Greedy
  1799 | D:2      | Reached XP level 4. HP: 28/31 MP: 4/4
  1836 | D:2      | Reached skill level 5 in Long Blades
  1967 | D:2      | Noticed Sigmund
  1999 | D:2      | Killed Sigmund
  2000 | D:2      | Reached skill level 6 in Long Blades
  2000 | D:2      | Reached XP level 5. HP: 10/36 MP: 5/5
  2000 | D:2      | Reached XP level 6. HP: 12/42 MP: 6/6
  2427 | D:3      | Noticed Jessica
  2431 | D:3      | Killed Jessica
  2537 | D:3      | Identified the +1 scale mail of the Engineer {rC+}
  2810 | D:3      | Found a white marble altar of Elyvilon.
  3326 | D:4      | Found a snail-covered altar of Cheibriados.
  3889 | D:4      | Noticed Robin
  3899 | D:4      | Reached skill level 7 in Long Blades
  3904 | D:4      | Killed Robin
  4249 | D:4      | Reached XP level 7. HP: 6/46 MP: 7/7
  4726 | D:4      | Reached skill level 8 in Long Blades
  5013 | D:4      | Found a hazy altar of Hepliaklqana.
  5098 | D:5      | Entered Level 5 of the Dungeon
  5137 | D:5      | Found an opulent altar of Gozag.
  5203 | D:5      | Found Faul's Distillery.
  5209 | D:5      | Bought 2 potions of mutation for 208 gold pieces
  5209 | D:5      | Gained mutation: You have very sharp teeth. [potion of
                  | mutation]
  5209 | D:5      | Gained mutation: Your muscles are strong. (Str +4, Int/Dex
                  | -1) [potion of mutation]
  5210 | D:5      | Lost mutation: Your muscles are strong. (Str +4, Int/Dex
                  | -1) [potion of mutation]
  5210 | D:5      | Lost mutation: You have very sharp teeth. [potion of
                  | mutation]
  5210 | D:5      | Gained mutation: Your muscles are strong. (Str +4, Int/Dex
                  | -1) [potion of mutation]
  5210 | D:5      | Gained mutation: You are dopey. (Int -2) [potion of
                  | mutation]
  5210 | D:5      | Gained mutation: You are partially covered in iridescent
                  | scales. (AC +2) [potion of mutation]
  5211 | D:5      | Lost mutation: You are dopey. (Int -2) [potion of mutation]
  5211 | D:5      | Lost mutation: Your muscles are strong. (Str +4, Int/Dex
                  | -1) [potion of mutation]
  5211 | D:5      | Gained mutation: One of your tentacles bears a spike.
                  | [potion of mutation]
  5326 | D:5      | Found Fustrat's Armour Emporium.
  5369 | D:5      | Bought a potion of attraction for 39 gold pieces
  5369 | D:5      | Bought a potion of heal wounds for 65 gold pieces
  5369 | D:5      | Bought a potion of might for 52 gold pieces
  5369 | D:5      | Bought a potion of lignification for 39 gold pieces
  5369 | D:5      | Bought a potion of curing for 39 gold pieces
  5369 | D:5      | Bought a potion of flight for 39 gold pieces
  5429 | D:5      | Found Usotwe's Distillery.
  5439 | D:5      | Bought a potion of invisibility for 96 gold pieces
  5513 | D:5      | Found Ruirin's Weapon Boutique.
  5580 | D:5      | Found a runed translucent door.
  5581 | D:5      | Noticed Crazy Yiuf
  5655 | D:5      | Found Zuoz's Antique Weapon Emporium.
  5710 | D:5      | Found a staircase to the Ecumenical Temple.
  5831 | D:5      | Killed Crazy Yiuf
  5957 | D:6      | Reached skill level 9 in Long Blades
  6234 | D:6      | Noticed Prince Ribbit
  6242 | D:6      | Killed Prince Ribbit
  6243 | D:6      | Reached XP level 8. HP: 44/52 MP: 8/8
  6390 | D:6      | Reached skill level 10 in Long Blades
  6429 | D:6      | Found a sacrificial altar of Ru.
  6792 | D:6      | Found Fuesif's Weapon Emporium.
  7115 | D:6      | Reached skill level 11 in Long Blades
  7535 | D:6      | Bought a +2 demon blade of flaming for 390 gold pieces
  8393 | D:7      | Reached XP level 9. HP: 40/56 MP: 9/9
  8537 | D:7      | Reached skill level 12 in Long Blades
  8852 | D:7      | Found a sparkling altar of Nemelex Xobeh.
  8964 | D:7      | Found a glowing silver altar of Zin.
  9115 | D:8      | Noticed Pikel
  9124 | D:8      | Killed Pikel
  9125 | D:8      | Reached skill level 13 in Long Blades
  9312 | D:8      | You fall into a shaft and drop 2 floors!
  9312 | D:10     | Entered Level 10 of the Dungeon
  9351 | D:10     | Noticed a troll
  9354 | D:10     | Killed a troll
  9359 | D:10     | Reached skill level 14 in Long Blades
  9359 | D:10     | Reached XP level 10. HP: 25/63 MP: 10/10
  9567 | D:10     | Reached skill level 1 in Evocations
 10656 | D:8      | Reached skill level 5 in Stealth
 11218 | D:8      | Identified the +5 hand axe of Ruination {vorpal, Contam rC+
                  | rCorr}
 11613 | D:9      | Identified a scroll of acquirement
 11616 | D:9      | Acquired 784 gold pieces
 11628 | D:8      | Bought a scroll of blinking for 105 gold pieces
 11644 | D:9      | Noticed a two-headed ogre
 12345 | D:9      | HP: 2/65 [killer bee (4)]
 12573 | D:9      | HP: 3/65 [killer bee (5)]
 12583 | D:9      | Reached skill level 5 in Fighting
 12583 | D:9      | HP: 3/66 [killer bee (4)]
 12944 | D:9      | Killed a two-headed ogre
 12945 | D:9      | Reached XP level 11. HP: 38/72 MP: 11/11
 13394 | D:10     | Reached skill level 5 in Evocations
 13401 | D:10     | Noticed a boulder beetle
 13409 | D:10     | Noticed a glowing shapeshifter
 13409 | D:10     | a boulder beetle changed into a glowing shapeshifter
 13409 | D:10     | Mangled by a yak

Illustrated notes

Levels and vault maps discovered:
D:1:      dpeg_arrival_subterranean_lakeside_camping, layout_basic,
          dreamdust_ecumenical_altar_hidden_monk_grotto, serial_curves,
          eino_curves_02, eino_curves_04, eino_curves_02
D:2:      layout_rooms, serial_bayou_pond_a, dk_noncrumbling_3, uniq_sigmund
D:3:      layout_basic, nicolae_elyvilon_temple_path, uniq_jessica
D:4:      layout_loops_cross, mainiacjoe_overflow_brackets,
          kennysheep_mini_moat, minivault_14, uniq_robin
D:5:      layout_rooms, mainiacjoe_overflow_catwalk,
          minmay_temple_entry_nine_rooms, serial_shops, kennysheep_little_box,
          shop, nicolae_shop_behind_doors, nicolae_shop_hallway_stairs, shop,
          uniq_crazy_yiuf_cottage
D:6:      layout_loops_corners, mainiacjoe_overflow_six_doors_small,
          serial_shops, nicolae_shop_bloodbath_and_beyond, minmay_holes,
          lemuel_flame_loot_1, uniq_prince_ribbit1
D:7:      layout_loops_ring, mainiacjoe_overflow_large_starburst
D:8:      layout_loops_ring, grunt_ministairs_6, uniq_pikel
D:9:      layout_basic
D:10:     layout_basic, nicolae_uskayaw_en_pointe,
          chequers_temple_overflow_minitemple, lemuel_crystal_altar,
          nzn_sisyphean_effort

Skill      XL: |  1  2  3  4  5  6  7  8  9 10 11 |
---------------+----------------------------------+-----
Long Blades    | 4 6 7 9 11 14 | 14.7
Stealth        | 7 |  7.5
Evocations     | 4 5 |  5.2
Fighting       | 5 |  5.7
Dodging        | |  3.0

Action                   |  1- 3 |  4- 6 |  7- 9 | 10-12 || total
-------------------------+-------+-------+-------+-------++-------
Melee: Falchion          |    67 |   101 |   103 |       ||   271
       Constrict         |    16 |    20 |    47 |    21 ||   104
       Tentacles         |    13 |    19 |    38 |    36 ||   106
       Punch             |       |     1 |     7 |     3 ||    11
       Kick              |       |       |    43 |    48 ||    91
       Demon blade       |       |       |    71 |   154 ||   225
Invok: Call Merchant     |       |       |       |     2 ||     2
Evoke: Wand              |       |       |       |     1 ||     1
  Use: Potion            |       |     2 |     4 |     6 ||    12
       Scroll            |       |       |       |     9 ||     9
 Stab: Sleeping          |    15 |    12 |    11 |     3 ||    41
       Distracted        |       |       |     4 |     4 ||     8
Armor: Skin              |     7 |     6 |    11 |    12 ||    36
Dodge: Dodged            |    46 |    52 |    72 |    90 ||   260

Table legend: (Time is in decaauts)
 A = Elapsed time spent in this place.
 B = Non-inter-level travel time spent in this place.
 C = Inter-level travel time spent in this place.
 D = Time resting spent in this place.
 E = Time spent auto-exploring this place.
 F = Levels seen in this place.
 G = Mean time per level.
                   A        B        C        D        E       F      G
               +--------+--------+--------+--------+--------+-----+--------+
         Total |  13326 |  12939 |    387 |   2739 |   7744 |  10 | 1332.6 |
       Dungeon |  13326 |  12939 |    387 |   2739 |   7744 |  10 | 1332.6 |
               +--------+--------+--------+--------+--------+-----+--------+

Top non-repeatable levels by time:
     D:6: 2262 daAuts
     D:4: 2062 daAuts
     D:9: 1623 daAuts
     D:8: 1495 daAuts
     D:1: 1384 daAuts
     D:7: 1068 daAuts
     D:2: 1024 daAuts
    D:10: 974 daAuts
     D:5: 793 daAuts
     D:3: 637 daAuts
